 Dungeon Crawl Stone Soup version 0.26.0-16-gc1dbca0489 (webtiles) character file.

Game seed: 8401701813282588723

46 snetch the Magician (level 3, 0/25 HPs)
             Began as a Gnoll Hedge Wizard on Jan 18, 2021.
             Killed from afar by a white imp (5 damage)
             ... with a puff of frost
             ... summoned by Natasha
             ... on level 3 of the Dungeon.
             The game lasted 00:03:50 (1348 turns).

snetch the Magician (Gnoll Hedge Wizard)            Turns: 1348, Time: 00:03:51

Health: 0/25       AC:  5    Str: 12    XL:     3   Next: 66%
Magic:  3/11       EV: 12    Int: 17    God:
Gold:   110        SH:  0    Dex: 14    Spells: 11/16 levels left

rFire    . . .     SeeInvis .   a - +0 spear
rCold    . . .     Faith    .   (no shield)
rNeg     . . .     Spirit   .   l - +0 ring mail
rPois    .         Reflect  .   c - +0 hat
rElec    .         Harm     .   (no cloak)
rCorr    .         Rampage  .   (no gloves)
Will     .....                  (no boots)
Stlth    ++........             (no amulet)
HPRegen  0.08/turn              (no ring)
MPRegen  0.12/turn              (no ring)

@: no status effects
A: distributed training, fangs 1, strong nose
a: no special abilities


You were on level 3 of the Dungeon.
You visited 1 branch of the dungeon, and saw 3 of its levels.

You collected 110 gold pieces.

Inventory:

Hand Weapons
 a - a +0 spear (weapon)
 b - a +0 hand axe
 d - a +0 dagger
Missiles
 g - 3 curare-tipped darts
 h - 28 bolts
 i - 33 arrows
 p - 53 sling bullets
Armour
 c - a +0 hat (worn)
 f - a +0 robe
 l - a +0 ring mail (worn)
Scrolls
 e - a scroll of fog {unknown}
 j - 2 scrolls of identify {unknown}
 k - a scroll of teleportation {unknown}
 m - a scroll of noise {unknown}
 n - a scroll of random uselessness {unknown}
 o - 2 scrolls of remove curse {unknown}


   Skills:
 + Level 0.9 Fighting
 + Level 0.9 Short Blades
 + Level 0.9 Long Blades
 + Level 0.9 Axes
 + Level 0.9 Maces & Flails
 + Level 0.9 Polearms
 + Level 0.9 Staves
 + Level 0.9 Slings
 + Level 0.9 Bows
 + Level 0.9 Crossbows
 + Level 0.9 Throwing
 + Level 0.9 Armour
 + Level 4.5 Dodging
 + Level 4.2 Stealth
 + Level 0.9 Shields
 + Level 0.9 Unarmed Combat
 + Level 7.1 Spellcasting
 + Level 2.1 Conjurations
 + Level 0.6 Hexes
 + Level 2.1 Summonings
 + Level 0.6 Necromancy
 + Level 2.1 Translocations
 + Level 0.6 Transmutations
 + Level 0.6 Fire Magic
 + Level 0.6 Ice Magic
 + Level 0.6 Air Magic
 + Level 0.6 Earth Magic
 + Level 0.6 Poison Magic
 + Level 1.0 Invocations
 + Level 0.9 Evocations


You had 11 spell levels left.
You knew the following spells:

 Your Spells              Type           Power        Failure   Level
a - Magic Dart            Conj           52%          11%         1
b - Blink                 Tloc           N/A          16%         2
c - Call Imp              Summ           13%          16%         2

Your spell library contained the following spells:

 Spells                   Type           Power        Failure   Level
 Slow                     Hex            8%           30%         2
 Conjure Flame            Conj/Fire      10%          41%         3
 Mephitic Cloud           Conj/Pois/Air  10%          43%         3


Dungeon Overview and Level Annotations

Branches:
Dungeon (3/15)

Altars:

Annotations:
D:3 Natasha


Innate Abilities, Weirdness & Mutations

Your experience applies equally to all skills.
You have very sharp teeth.
Your uncanny sense of smell can sniff out nearby items.


Message History

Unknown command.
You miss Natasha.
Natasha is heavily wounded.
Your crimson imp hits Natasha.
Natasha casts a spell at your crimson imp.
The magic dart hits your crimson imp.
Your iron imp misses Natasha.
The kobold misses you. The white imp gestures at you.
The puff of frost hits you!
* * * LOW HITPOINT WARNING * * *
Your crimson imp hits Natasha.
Natasha stares at your crimson imp and mumbles some strange words.
The magic dart hits your crimson imp.
Your iron imp closely misses Natasha.
You see here a +0 hand axe.
Unknown command.
Your crimson imp completely misses Natasha.
Natasha closely misses your crimson imp.
The white imp gestures at you. The puff of frost misses your iron imp.
The puff of frost hits you.
You die...

.. #. ..## #####.. ∆ ....
##....... . #..###........
..#...........
#...........
#.#.......#####..
##..!#...@.......#
#...=..))55......##.......
.#.###.5Kh...............
#(..................
##...................
##....................
#.............#...##.#
#.#...........#...>..#
..=#...........<....###


You could see Natasha (strong), a white imp (summoned), a kobold, a friendly
iron imp (summoned) and a friendly crimson imp (summoned).

Vanquished Creatures
  A dart slug (D:1)
  An orc (D:3)
  5 bats (D:1)
  4 giant cockroaches
  2 goblins
  4 hobgoblins (D:1)
  A ball python (D:2)
  A kobold (D:1)
  3 rats
22 creatures vanquished.

Vanquished Creatures (collateral kills)
  2 adders (D:2)
  An orc (D:3)
  2 bats
  A giant cockroach (D:1)
  A goblin (D:1)
  2 jackals (D:2)
  A ball python (D:2)
10 creatures vanquished.

Grand Total: 32 creatures vanquished

Notes
Turn   | Place    | Note
-------+----------+-------------------------------------------
     0 | D:1      | snetch the Gnoll Hedge Wizard began the quest for the Orb.
     0 | D:1      | Reached XP level 1. HP: 13/13 MP: 8/8
   217 | D:1      | Reached XP level 2. HP: 6/19 MP: 6/10
   480 | D:1      | Learned a level 2 spell: Blink
   483 | D:1      | Learned a level 2 spell: Call Imp
   856 | D:2      | Reached XP level 3. HP: 13/25 MP: 6/11
  1280 | D:2      | Reached skill level 1 in Invocations
  1338 | D:3      | Noticed Natasha
  1348 | D:3      | Killed from afar by a white imp

Illustrated notes

Levels and vault maps discovered:
D:1:      elethiomel_arrival_infinity_welcomes_careful_drivers, layout_rooms
D:2:      layout_rooms
D:3:      layout_rooms, grunt_temple_overflow_diamond, portal_sewer_entry_d,
          uniq_natasha, uniq_jessica, uniq_grinder

Skill      XL: |  1  2  3 |
---------------+----------+-----
Conjurations   | 2 |  2.1
Summonings     | 2 |  2.1
Translocations | 2 |  2.1
Invocations    | 1 |  1.0
Fighting       | |  0.9
Short Blades   | |  0.9
Long Blades    | |  0.9
Axes           | |  0.9
Maces & Flails | |  0.9
Polearms       | |  0.9
Staves         | |  0.9
Slings         | |  0.9
Bows           | |  0.9
Crossbows      | |  0.9
Throwing       | |  0.9
Armour         | |  0.9
Dodging        | |  4.5
Stealth        | |  4.2
Shields        | |  0.9
Unarmed Combat | |  0.9
Spellcasting   | |  7.1
Hexes          | |  0.6
Necromancy     | |  0.6
Transmutations | |  0.6
Fire Magic     | |  0.6
Ice Magic      | |  0.6
Air Magic      | |  0.6
Earth Magic    | |  0.6
Poison Magic   | |  0.6
Evocations     | |  0.9

Action                   || total
-------------------------++-------
Melee: Dagger            ||     5
       Bite              ||     2
       Spear             ||    19
 Cast: Magic Dart        ||    38
       Call Imp          ||     9
 Stab: Sleeping          ||     1
Armor: Ring mail         ||    12
       Robe              ||     2
Dodge: Dodged            ||    31
